AoeStats
← erickcisneros1990

Arena

507534016Analyzed
1v1 RM · 14d ago on Sep 18, 2026· 39m 28s· 2 players
Game mode
Random Map
Map size
Tiny (2 player)
Population
200
Speed
Normal
Resources
Standard
Victory
Conquest
Starting age
Dark Age
Ending age
Imperial Age
RankedLock teamsTeams togetherTeam positionsShared explorationLock speedFull tech treeHidden civsTurbo modeCheats
Victory
Defeat
🇦🇷 Bohemians · Argentina
775
+17
🇲🇽 Ethiopians · Mexico
791
-17
El Plom9721
10:26 Feudal Age
11:20 Loom
14:57 Castle Age
13:08 Double-Bit Axe
14:07 Horse Collar
18:37 Bow Saw
30:19 Chemistry
32:34 Wheelbarrow
32:11 Elite Skirmisher
36:26 Imperial Age
34:14 Hand Cart
33:23 Elite Skirmisher
36:55 Ballistics
36:28 Fletching
erickcisneros1990
9:44 Feudal Age
10:10 Double-Bit Axe
17:50 Castle Age
16:03 Loom
16:35 Forging
17:01 Gold Mining
21:12 Scale Mail Armor
27:06 Chain Mail Armor
30:04 Thumb Ring
29:21 Elite Skirmisher
32:47 Imperial Age
30:47 Fletching
31:34 Iron Casting
31:41 Elite Skirmisher
35:30 Gold Shaft Mining
34:35 Elite Skirmisher
36:01 Town Watch
36:41 Thumb Ring
36:14 Elite Shotel Warrior
37:46 Padded Archer Armor
Connection lost

Rejoining the realm…

Still unreachable

The connection could not be restored.

Session expired

The server has moved on; the page needs a fresh start.